 Dungeon Crawl Stone Soup version 0.29.1-15-g9cfb28693d (webtiles) character file.

Game seed: 3081304176423882587

109 BuddhaDhamma the Chopper (level 4, 0/39 HPs)
             Began as a Minotaur Berserker on Mar 24, 2023.
             Was a Believer of Trog.
             Slain by an orc wizard
             ... wielding a +2 dagger of venom
              (1 damage)
             ... on level 3 of the Dungeon.
             The game lasted 00:03:12 (2200 turns).

BuddhaDhamma the Chopper (Minotaur Berserker)       Turns: 2200, Time: 00:03:12

Health: 0/39       AC:  4    Str: 23    XL:     4   Next: 59%
Magic:  3/3        EV: 11    Int:  4    God:    Trog [**....]
Gold:   85         SH:  3    Dex: 10    Spells: 3/3 levels left

rFire   . . .      SeeInvis .   a - +0 hand axe
rCold   . . .      Faith    +   w - +0 buckler
rNeg    . . .      Spirit   .   o - +0 leather armour
rPois   +          Reflect  .   (helmet restricted)
rElec   .          Harm     .   (no cloak)
rCorr   .          Rampage  .   p - +0 pair of gloves
Will    .....                   (no boots)
Stlth   +.........              v - amulet of faith
HPRegen 0.13/turn               c - ring of poison resistance
MPRegen 0.08/turn               (no ring)

@: lethally poisoned (0 -> -8)
A: horns 2, retaliatory headbutt
a: Renounce Religion, Berserk, Trog's Hand


You were on level 3 of the Dungeon.
You worshipped Trog.
Trog was pleased with you.
You visited 1 branch of the dungeon, and saw 3 of its levels.

You collected 85 gold pieces.

Inventory:

Hand Weapons
 a - a +0 hand axe (weapon)
Missiles
 s - 3 boomerangs (quivered)
Armour
 o - a +0 leather armour (worn)
 p - a +0 pair of gloves (worn)
 w - a +0 buckler (worn)
Jewellery
 c - a ring of poison resistance (left hand)
 t - a ring of protection from cold
 v - an amulet of faith (around neck)
Scrolls
 f - a scroll of amnesia {unknown}
 g - 3 scrolls of identify {unknown}
 j - 2 scrolls of fear {unknown}
 l - a scroll of enchant armour {unknown}
 m - a scroll of blinking {unknown}
 u - a scroll of enchant weapon {unknown}
Potions
 b - a potion of curing {unknown}
 d - 2 potions of mutation {unknown}
 e - a potion of flight {unknown}
 h - a potion of lignification {unknown}
 i - a potion of haste {unknown}
 k - 2 potions of heal wounds {unknown}
 n - a potion of might {unknown}
 q - a potion of brilliance {unknown}
 r - a potion of invisibility {unknown}


   Skills:
 - Level 3.6 Fighting
 + Level 6.5 Axes
 - Level 2.4 Armour
 - Level 2.1 Dodging


You had 3 spell levels left.
You didn't know any spells.
Your spell library was empty.

Dungeon Overview and Level Annotations

Branches:
Dungeon (3/15)

Altars:
Wu Jian

Shops:
D:1 :


Innate Abilities, Weirdness & Mutations

You have a pair of horns on your head.
You reflexively headbutt those who attack you in melee.


Message History

a +0 dagger; a +0 ring mail; an orc corpse You miss something.
Your headbutt misses something. Something hits you.
You barely miss something. Something hits you.
You hit something. Something hits you.
You closely miss something. Something hits you but does no damage.
You are poisoned.
You miss something. Your headbutt misses something.
You feel sick.
You hear some strange, mumbled words.
A puff of flame appears from out of thin air!
The puff of flame misses you.
You barely miss something. Your headbutt misses something.
You feel sick. Something hits you.
You are more poisoned.
You miss something.
You feel very sick.
You hear some strange, mumbled words.
A puff of flame appears from out of thin air!
The puff of flame misses you.
You hear some strange, mumbled words.
Something tries to affect you, but you resist.
You miss something.
You feel sick.
You hear some strange, mumbled words.
A puff of flame appears from out of thin air!
The puff of flame hits you.
You closely miss something.
You feel sick. Something hits you.
You miss something.
You feel sick. Something hits you.
* * * LOW HITPOINT WARNING * * *
You are lethally poisoned!
You hit something. Your headbutt misses something.
* * * LOW HITPOINT WARNING * * *
You feel very sick. Something hits you but does no damage.
You closely miss something.
* * * LOW HITPOINT WARNING * * *
You feel very sick. You block something's attack.
You hit something.
* * * LOW HITPOINT WARNING * * *
You feel sick. Something hits you.
You die...

#.# #.....### ..#
##.###.# .## ###..###.#
..###...#....# ####
#.##..###.########...
#.##.####.##.......##..#
#....#.......# #....$.#
###....##.######.#######
...............)@{).....
(...###...#####.########
##.## ##..# #.# #.# #.>#
#.# ##.# ##.# #.# .)<#
#<. ..# #### ..# .## .##
.


There were no monsters in sight!

Vanquished Creatures
  An orc priest (D:3)
  3 adders
  3 worms (D:2)
  2 dart slugs
  An orc (D:3)
  4 bats
  3 endoplasms
  2 giant cockroaches
  3 goblins
  4 hobgoblins
  4 jackals (D:2)
  4 ball pythons
  A frilled lizard (D:1)
  2 kobolds (D:1)
  2 rats (D:2)
39 creatures vanquished.

Notes
Turn   | Place    | Note
-------+----------+-------------------------------------------
     0 | D:1      | BuddhaDhamma the Minotaur Berserker began the quest for the
                  | Orb.
     0 | D:1      | Reached XP level 1. HP: 19/19 MP: 0/0
    81 | D:1      | Found Bock's Book Shop.
    97 | D:1      | Reached skill level 4 in Axes
   220 | D:1      | Reached XP level 2. HP: 18/26 MP: 1/1
   955 | D:1      | Found a faded altar of an unknown god.
  1158 | D:2      | Reached skill level 5 in Axes
  1158 | D:2      | Reached XP level 3. HP: 24/31 MP: 2/2
  1694 | D:2      | Reached ** piety under Trog
  2100 | D:3      | Reached skill level 6 in Axes
  2100 | D:3      | Reached XP level 4. HP: 37/39 MP: 3/3
  2142 | D:3      | Found an ornate altar of the Wu Jian Council.
  2200 | D:3      | HP: 1/39 [poisoned by an orc wizard]
  2200 | D:3      | Slain by an orc wizard

Illustrated notes

Levels and vault maps discovered:
D:1:      kennysheep_arrival_forest, layout_basic, serial_shops,
          nicolae_shop_hallway_plus, shapermc_ecumenical_altar_hornbeckon,
          minmay_tromino_i2
D:2:      layout_loops_ring
D:3:      layout_rooms, mainiacjoe_overflow_alcove_2, okawaru_altar_gauntlet_db,
          kennysheep_generic_room_9, uniq_sigmund, uniq_natasha

Skill      XL: |  1  2  3 |
---------------+----------+-----
Axes           | 4 5 6 |  6.5
Fighting       | |  3.6
Armour         | |  2.4
Dodging        | |  2.1

Action                   |  1- 3 |  4- 6 || total
-------------------------+-------+-------++-------
Melee: Hand axe          |    88 |    15 ||   103
       Headbutt          |    13 |     1 ||    14
Throw: Boomerang         |     3 |     5 ||     8
 Stab: Sleeping          |     2 |       ||     2
Armor: Animal skin       |    12 |       ||    12
       Leather armour    |     6 |     4 ||    10
Dodge: Dodged            |    50 |     3 ||    53
Block: Buckler           |       |     2 ||     2
